Map: Romanticide LE

Players

rottenorange

  • Race: Zerg Zerg
  • Spawn Location: 11:00

itsDani - Winner!

  • Race: Zerg Zerg
  • League: Platinum
  • Spawn Location: 5:00

VOD

Have the link to the VOD?

Description

Time

  • Played on: Oct. 1, 2020, 12:38 p.m.
  • Length: 7:27
Show
View Real Time Build Order
Export as new Build Order

rottenorange Zerg 

Build Orders: Hatch First 

Get SALT Encoding   

  12  0:00  Drone  
  13  0:13  Overlord  
  13  0:17  Drone  
  14  0:31  Drone x2  
  16  0:52  Hatchery  
  16  0:54  Drone  
  16  1:00  Drone  
  17  1:04  Extractor  
  16  1:21  Drone  
  16  1:22  Drone  
  16  1:25  Spawning Pool  
  17  1:26  Drone  
  18  1:43  Drone  
  18  1:44  Overlord  
  19  1:56  Drone  
  20  2:04  Drone  
  21  2:16  Metabolic Boost  
  21  2:20  Drone x2  
  21  2:21  Queen  
  25  2:24  Zergling x2  
  25  2:28  Zergling x2  
  27  2:39  Drone x2  
  29  3:00  Overlord x2  
  29  3:03  Drone  
  29  3:04  Drone x2  
  32  3:13  Hatchery  
  33  3:30  Queen  
  33  3:32  Lair  
  33  3:35  Zergling x6  
  36  3:49  Drone x3  
  39  4:02  Overlord x2  
  39  4:24  Roach Warren, Zergling x4  
  39  4:26  Zergling x6  
  43  4:36  Drone  
  44  4:40  Drone x2  
  46  5:01  Evolution Chamber  
  46  5:05  Evolution Chamber  
  46  5:06  Drone x2  
  46  5:07  Extractor  
  45  5:18  Queen  
  45  5:21  Drone x5  
  49  5:22  Drone  
  49  5:27  Roach x4  
  61  5:32  Roach x2  
  61  5:35  Overlord x2  
  65  5:42  Hatchery  
  64  5:54  Extractor  
  64  5:55  Extractor  
  64  5:56  Drone  
  64  5:57  Extractor x2, Drone x4  
  65  6:07  Roach x4  
  73  6:28  Drone x3  
  73  6:29  Drone x3  
  79  6:38  Roach  
  81  6:42  Overlord x4  
  81  6:43  Overlord x2  
  81  6:47  Drone  
  84  7:04  Roach  
  84  7:05  Roach x4  
  84  7:07  Drone x3  
Show
View Real Time Build Order
Export as new Build Order

itsDani Zerg - Winner!

Build Orders: Hatch First 

Get SALT Encoding   

  12  0:00  Drone  
  13  0:12  Overlord  
  13  0:16  Drone  
  14  0:33  Drone x2  
  16  0:48  Hatchery  
  16  0:57  Drone x2  
  16  0:59  Drone  
  18  1:11  Extractor  
  17  1:16  Spawning Pool  
  17  1:18  Drone  
  17  1:22  Drone  
  18  1:29  Drone  
  19  1:40  Overlord  
  19  1:51  Drone  
  20  2:04  Queen x2  
  20  2:07  Zergling x4  
  26  2:13  Drone  
  26  2:15  Metabolic Boost  
  27  2:24  Drone  
  28  2:35  Drone x2  
  28  2:36  Overlord  
  30  2:37  Drone  
  31  2:49  Queen  
  31  2:50  Queen  
  35  2:59  Drone  
  35  3:00  Drone x3  
  39  3:16  Drone x4  
  39  3:17  Overlord  
  43  3:35  Drone  
  43  3:36  Drone  
  43  3:39  Extractor, Drone x2  
  43  3:40  Extractor  
  45  3:51  Lair  
  45  3:53  Overlord x2  
  45  3:54  Drone  
  45  3:55  Drone x5  
  51  4:05  Drone  
  52  4:12  Zergling x4  
  52  4:13  Zergling x4  
  56  4:19  Overlord x2  
  56  4:21  Drone  
  57  4:28  Roach Warren  
  57  4:31  Evolution Chamber  
  55  4:36  Evolution Chamber  
  54  4:46  Drone x2  
  54  4:47  Drone x4  
  60  4:58  Zerg Missile Weapons Level 1  
  60  4:59  Hatchery  
  59  5:06  Zerg Ground Armor Level 1  
  59  5:08  Roach x3  
  59  5:10  Glial Reconstitution  
  65  5:15  Roach x3  
  65  5:16  Roach x3  
  77  5:23  Roach x2  
  77  5:24  Roach  
  77  5:25  Overlord x2  
  83  5:38  Overlord x3  
  83  5:39  Overlord  
  83  5:42  Queen  
  83  5:43  Roach  
  86  6:05  Roach  
  86  6:06  Roach x6  
  100  6:19  Hydralisk Den  
  100  6:20  Extractor, Drone  
  100  6:22  Drone x3  
  102  6:33  Roach x3  
  108  7:02  Roach x4  
  108  7:03  Roach x2  
  108  7:04  Lurker Den  
Tags
 
League
Platinum
Matchup
ZvZ
Race
Zerg
Replay Pack
replays
Spawn Locations
Cross Positions
Add a new tag
Caveats
  • Supply blocks, unpowered buildings, or Contaminate may cause inaccurate times.
  • Supply counts are checked every 10 seconds.